 Dungeon Crawl Stone Soup version 0.19.1 (webtiles) character file.

168 lorenzova the Magician (level 5, -1/28 HPs)
             Began as a Deep Elf Conjurer on Dec 12, 2016.
             Slain by a water moccasin (6 damage)
             ... on level 3 of the Dungeon.
             The game lasted 00:04:45 (3119 turns).

lorenzova the Magician (Deep Elf Conjurer)          Turns: 3119, Time: 00:04:46

Health: -1/28      AC:  2    Str:  5    XL:     5   Next: 23%
Magic:  0/15       EV: 13    Int: 21    God:
Gold:   112        SH:  0    Dex: 15    Spells: 2 memorised, 10 levels left

rFire  . . .     SeeInvis .     q - +0 dagger (speed)
rCold  . . .     Gourm    .     a - +0 robe
rNeg   . . .     Faith    .     (no shield)
rPois  .         Spirit   .     (no helmet)
rElec  .         Reflect  .     (no cloak)
rCorr  .         Harm     .     (no gloves)
MR     .....                    (no boots)
Stlth  ++........               (no amulet)
                                (no ring)
                                (no ring)

@: very slightly contaminated
A: no striking features
a: no special abilities


You were on level 3 of the Dungeon.
You were hungry.

You visited 1 branch of the dungeon, and saw 3 of its levels.

You collected 112 gold pieces.

Inventory:

Hand Weapons
 q - a +0 dagger of speed (weapon)
Armour
 a - a +0 robe (worn)
 o - a +2 leather armour of cold resistance
Jewellery
 s - an uncursed ring of wizardry {unknown}
Scrolls
 e - a scroll of amnesia {unknown}
 f - 3 scrolls of blinking {unknown}
 h - a scroll of enchant weapon {unknown}
 i - 2 scrolls of recharging {unknown}
 n - a scroll of noise {unknown}
 p - 2 scrolls of immolation {unknown}
 r - 2 scrolls of remove curse {unknown}
Potions
 d - a potion of cure mutation {unknown}
 j - a potion of haste {unknown}
 l - 2 potions of brilliance {unknown}
 t - 2 potions of lignification {unknown}
 u - a potion of heal wounds {unknown}
 v - a potion of degeneration {unknown}
Books
 b - a book of Conjurations

   Spells                             Type                      Level
   a - Magic Dart                     Conjuration                  1
   b - Searing Ray                    Conjuration                  2
   c - Dazzling Spray                 Conjuration/Hexes            3
   d - Fulminant Prism                Conjuration/Hexes            4
   e - Iskenderun's Mystic Blast      Conjuration                  4
   f - Iskenderun's Battlesphere      Conjuration/Charms           5
Comestibles
 c - a bread ration
 g - a royal jelly
 k - a meat ration
 m - 4 fruits


   Skills:
 - Level 2.4 Dodging
 - Level 2.4 Stealth
 + Level 5.9 Spellcasting
 + Level 5.7 Conjurations


You had 10 spell levels left.
You knew the following spells:

 Your Spells              Type           Power        Failure   Level  Hunger
a - Magic Dart            Conj           ####         1%          1    None
c - Iskenderun's Mystic   Conj           ####....     12%         4    ####...


Dungeon Overview and Level Annotations

Branches:
Dungeon (3/15)

Altars:
Elyvilon
Hepliaklqana
Sif Muna
Trog
Xom
The Shining One


Message History

Press: ? - help, Shift-Dir - straight line, f/p - water moccasin
Aim: a water moccasin (severely wounded)
You miscast Magic Dart.
Nothing appears to happen.
The water moccasin misses you. The water moccasin barely misses you.
The water moccasin misses you.
Casting: Magic Dart
Confirm with . or Enter, or press ? or * to list all spells.
Aiming: Magic Dart
Press: ? - help, Shift-Dir - straight line, f/p - water moccasin
Aim: a water moccasin (severely wounded)
The magic dart hits the water moccasin.
The water moccasin is almost dead.
The water moccasin bites you.
* * * LOW HITPOINT WARNING * * *
Unknown command.
The water moccasin bites you.
* * * LOW HITPOINT WARNING * * *
The water moccasin bites you.
You die...

......###..(.#.#............#####
.............#..............#
.............#.......####...####
.............#.....#.............
.................................
......#...#.......)..............
..........#......................
.................................
.........##.....@S...............
.........##......................
...#####.##..........)..)........
...## #.##......................
....############.................
..(.#.#_#.#_####.................
[...8.#.#.#.#.##.......<.........
...............#.................
)..............#.................


You could see a water moccasin.

Vanquished Creatures
  An orc wizard (D:3)
  An iguana (D:3)
  4 adders
  2 dart slugs
  2 leopard geckos
  9 orcs (D:3)
  A ball python (D:2)
  3 giant cockroaches
  4 goblins
  13 hobgoblins
  A quokka (D:2)
  8 bats
  4 frilled lizards
  4 kobolds
  6 rats
63 creatures vanquished.

Notes
Turn   | Place    | Note
-------+----------+-------------------------------------------
     0 | D:1      | lorenzova the Deep Elf Conjurer began the quest for the Orb.
     0 | D:1      | Reached XP level 1. HP: 10/10 MP: 6/6
   383 | D:1      | Reached XP level 2. HP: 15/15 MP: 4/8
  1262 | D:2      | Reached XP level 3. HP: 19/19 MP: 6/10
  1366 | D:2      | Reached skill level 5 in Conjurations
  1453 | D:2      | Found a shimmering altar of Xom.
  1979 | D:3      | Reached XP level 4. HP: 24/24 MP: 8/12
  1986 | D:3      | Reached skill level 5 in Spellcasting
  2088 | D:3      | Learned a level 4 spell: Iskenderun's Mystic Blast
  2454 | D:3      | Reached XP level 5. HP: 28/28 MP: 9/15
  2550 | D:3      | Found a bloodstained altar of Trog.
  2553 | D:3      | Found a deep blue altar of Sif Muna.
  2554 | D:3      | Found a white marble altar of Elyvilon.
  2701 | D:3      | Found a glowing golden altar of the Shining One.
  2987 | D:3      | Found a hazy altar of Hepliaklqana.
  3099 | D:3      | Noticed a water moccasin
  3119 | D:3      | Slain by a water moccasin

Skill      XL: |  1  2  3  4 |
---------------+-------------+-----
Spellcasting   | 4 5 |  5.9
Conjurations   | 5 |  5.7
Dodging        | |  2.4
Stealth        | |  2.4

Action                   |  1- 3 |  4- 6 || total
-------------------------+-------+-------++-------
 Cast: Magic Dart        |    86 |    56 ||   142
       Iskenderun's Myst |       |     1 ||     1
  Eat: Chunk             |     2 |     4 ||     6
Armor: Robe              |     3 |     1 ||     4
Dodge: Dodged            |     7 |     7 ||    14
